 Dungeon Crawl Stone Soup version 0.24.0-37-gcf1ca852f1 (webtiles) character file.

Game seed: 1064646903369387601, levelgen mode: deterministic

11155 FishyPogo the Martial Artist (level 11, -7/73 (75) HPs)
             Began as a Gnoll Transmuter on Dec 8, 2019.
             Was a Priest of Hepliaklqana.
             Mangled by a freezing wraith (8 damage)
             ... in an ice cave.
             The game lasted 01:11:44 (10303 turns).

FishyPogo the Martial Artist (Gnoll Transmuter)    Turns: 10303, Time: 01:11:45

HP:   -7/73 (75)    AC:  5    Str: 15    XL:     11   Next: 73%
MP:   21/23         EV: 18    Int: 16    God:    Hepliaklqana [***...]
Gold: 470           SH:  0    Dex: 20    Spells: 13/26 levels left

rFire    . . .     SeeInvis .   t - +11 dagger of Evisceration {holy, Str+2 Dex+2 Stlth+}
rCold    + . .     Gourm    .   (no shield)
rNeg     . . .     Faith    .   y - +2 robe {rC+}
rPois    +         Spirit   .   (no helmet)
rElec    .         Reflect  .   (no cloak)
rCorr    .         Harm     .   (no gloves)
MR       .....                  V - +0 pair of boots
Stlth    ++++++....             (no amulet)
HPRegen  0.62/turn              I - ring of stealth
MPRegen  0.18/turn              C - ring of poison resistance

@: slowed, very slow
A: distributed training, reduced essence, fangs 1, regeneration 1, evolution 1,
strong nose
a: Recall Ancestor, Ancestor Identity, Transference, Renounce Religion


You were in an ice cave.
You worshipped Hepliaklqana.
Hepliaklqana was most pleased with you.
You were not hungry.

You visited 3 branches of the dungeon, and saw 13 of its levels.
You also visited: Sewer, Gauntlet and Ice Cave.

You collected 694 gold pieces.
You spent 224 gold pieces at shops.

Inventory:

Hand Weapons
 t - the +11 dagger of Evisceration (weapon) {holy, Str+2 Dex+2 Stlth+}
   (You bought it in a shop on level 4 of the Dungeon)

   It has been blessed by the Shining One to cause great damage to the undead
   and demons.
   It affects your strength (+2).
   It affects your dexterity (+2).
   It makes you more stealthy.
Missiles
 a - 216 arrows
 c - 310 stones (quivered)
 o - 8 poisoned darts
 x - 3 javelins
 G - 9 boomerangs
 S - a throwing net
Armour
 y - a +2 robe of cold resistance (worn)
 B - +0 acid dragon scales
 D - a +2 shield
 N - a +2 chain mail of magic resistance
 V - a +0 pair of boots (worn)
Jewellery
 n - an uncursed ring of flight
 z - an uncursed ring of wizardry
 C - a ring of poison resistance (right hand)
 I - a ring of stealth (left hand)
 P - an uncursed ring of fire
Wands
 i - a wand of iceblast (10)
 k - a wand of scattershot (4)
 m - a wand of acid (27)
 H - a wand of paralysis (8)
 O - a wand of disintegration (11)
 R - a wand of polymorph (15)
Scrolls
 f - 2 scrolls of amnesia {unknown}
 g - 4 scrolls of remove curse
 h - 9 scrolls of identify
 l - 9 scrolls of teleportation
 p - 2 scrolls of noise {unknown}
 s - a scroll of blinking {unknown}
 u - a scroll of enchant armour
 w - 2 scrolls of fear
 A - 2 scrolls of magic mapping
 F - 2 scrolls of immolation
 Q - a scroll of enchant weapon
Potions
 b - 2 potions of degeneration {unknown}
 e - a potion of haste {unknown}
 j - 2 potions of might {unknown}
 q - 4 potions of curing
 r - a potion of berserk rage {unknown}
 v - a potion of flight
 E - 2 potions of lignification {unknown}
 J - a potion of invisibility {unknown}
 K - a potion of resistance {unknown}
 L - 2 potions of brilliance {unknown}
 M - a potion of heal wounds {unknown}
 T - a potion of cancellation {unknown}
Comestibles
 d - 23 rations
 U - 9 chunks of flesh


   Skills:
 + Level 7.0 Fighting
 + Level 6.4 Short Blades
 + Level 6.4 Long Blades
 + Level 6.4 Axes
 + Level 6.4 Maces & Flails
 + Level 6.4 Polearms
 + Level 6.4 Staves
 + Level 6.4 Slings
 + Level 6.4 Bows
 + Level 6.4 Crossbows
 + Level 6.4 Throwing
 + Level 6.4 Armour
 + Level 8.0 Dodging
 + Level 6.4 Stealth
 + Level 6.4 Shields
 + Level 9.3 Unarmed Combat
 + Level 8.2 Spellcasting
 + Level 5.3 Conjurations
 + Level 5.3 Hexes
 + Level 5.3 Charms
 + Level 5.3 Summonings
 + Level 5.3 Necromancy
 + Level 5.3 Translocations
 + Level 6.6 Transmutations
 + Level 5.3 Fire Magic
 + Level 5.3 Ice Magic
 + Level 5.3 Air Magic
 + Level 5.3 Earth Magic
 + Level 5.3 Poison Magic
 + Level 7.1 Invocations
 + Level 6.4 Evocations


You had 13 spell levels left.
You knew the following spells:

 Your Spells              Type           Power        Failure   Level  Hunger
a - Magic Dart            Conj           ###.         1%          1    None
b - Throw Frost           Conj/Ice       ###...       1%          2    None
c - Mephitic Cloud        Conj/Pois/Air  ###.....     3%          3    #......
j - Conjure Flame         Conj/Fire      ###.....     3%          3    #......
u - Spider Form           Tmut/Pois      ####......   2%          3    #......
y - Beastly Appendage     Tmut           ####..       1%          1    None

Your spell library contained the following spells:

 Spells                   Type           Power        Failure   Level  Hunger
 Animate Skeleton         Necr           N/A          1%          1    None
 Apportation              Tloc           ###...       1%          1    None
 Freeze                   Ice            ###.         1%          1    None
 Sandblast                Erth           ###...       1%          1    None
 Summon Butterflies       Summ           ###.....     1%          1    None
 Summon Small Mammal      Summ           ###.         1%          1    None
 Blink                    Tloc           N/A          1%          2    None
 Call Imp                 Summ           ###.....     1%          2    None
 Slow                     Hex            ###.....     1%          2    None
 Sticks to Snakes         Tmut           ####....     1%          2    None
 Lesser Beckoning         Tloc           ###.......   3%          3    #......
 Ozocubu's Armour         Chrm/Ice       ###.....     3%          3    #......
 Tukima's Dance           Hex            ###.....     3%          3    #......
 Ice Form                 Ice/Tmut       ####....     9%          4    ###....
 Summon Ice Beast         Ice/Summ       ###.....     12%         4    ###....
 Throw Icicle             Conj/Ice       ###.....     12%         4    ###....
 Blade Hands              Tmut           ####......   19%         5    #####..
 Alistair's Intoxication  Tmut/Pois      ####....     26%         5    #####..
 Invisibility             Hex            ###.....     88%         6    ######.


Dungeon Overview and Level Annotations

Branches:
Dungeon (11/15)            Temple (1/1) D:6            Lair (1/6) D:10
  Sewer (visited)           IceCv (1/1)             Gauntlet (visited)
    Orc: D:9-12

Altars:
Ashenzari
Cheibriados
Dithmenos
Elyvilon
Fedhas
Gozag
Hepliaklqana
Kikubaaqudgha
Makhleb
Nemelex Xobeh
Okawaru
Qazlal
Ru
Sif Muna
Trog
Uskayaw
Vehumet
Wu Jian
Xom
Yredelemnul
Zin
The Shining One

Shops:
D:4 [=:(

Annotations:
D:3 3 runed translucent doors, Natasha; farkougg's ghost, amateur GrEE


Innate Abilities, Weirdness & Mutations

Your experience applies equally to all skills.
You have very sharp teeth.
Your uncanny sense of smell can sniff out nearby items.
Your life essence is reduced to manifest your ancestor. (-10% HP)
Your natural rate of healing is unusually fast.
You evolve.


Message History

The freezing wraith barely misses you.
The freezing wraith hits you but does no damage.
The freezing wraith hits you.
* * * LOW HITPOINT WARNING * * *
The freezing wraith freezes you. You resist.
* * * LOW HITPOINT WARNING * * *
The freezing wraith misses you. The freezing wraith hits you!
* * * LOW HITPOINT WARNING * * *
The freezing wraith freezes you! You resist.
* * * LOW HITPOINT WARNING * * *
The freezing wraith misses you.
Casting: Conjure Flame (safe; 3% risk of failure)
Confirm with . or Enter, or press ? or * to list all spells.
Aiming: Magic Dart (safe; 1% risk of failure)
Press: ? - help, Shift-Dir - straight line, f - freezing wraith
Aim: a freezing wraith The magic dart hits the freezing wraith but does no damage.
The freezing wraith hits you!
You die...

#..........#.......
#.......##....##...
##.....####..#####.
#......# #### ##
##....## # ###
#...## ##.## ##..##
#...## #..##
#....####@.#
#..#...#W..#
#W.##...W.##
##.###...##
#..###### ##..#
#...# ##...# ##...#


You could see 2 freezing wraiths.

Vanquished Creatures
  A two-headed ogre (D:11)
  A deep elf mage (D:11)
  An ugly thing (D:11)
  A manticore (D:10)
  Psyche (D:10)
  2 rime drakes (Lair:1)
  A troll (D:10)
  A merfolk (D:10)
  2 hippogriffs
  A shadow (D:11)
  5 yaks (D:8)
  A hungry ghost (D:6)
  Menkaure (D:7)
  A porcupine (Lair:1)
  3 orc warriors
  5 sky beasts
  4 slaves (D:8)
  3 black bears
  An alligator simulacrum (IceCv)
  3 ogres
  6 ice beasts
  A necrophage (D:5)
  A centaur (D:6)
  A crocodile (D:9)
  6 big kobolds
  6 bullfrogs
  2 wyvern skeletons
  3 killer bees (D:11)
  4 scorpions
  5 wights
  7 howler monkeys
  A centaur zombie (D:10)
  3 crimson imps
  A bullfrog zombie (D:3)
  4 bullfrog skeletons
  4 hounds
  6 orc priests
  A centaur skeleton (D:6)
  2 jellies
  8 orc wizards
  3 iguanas
  11 worker ants
  Natasha (twice) (D:3)
  A polar bear simulacrum (IceCv)
  A wolf simulacrum (IceCv)
  2 hound skeletons (D:5)
  A worker ant zombie (D:9)
  3 gnolls (D:3)
  A howler monkey skeleton (D:7)
  6 river rats
  21 adders
  5 white imps (IceCv)
  9 oozes
  An adder skeleton (D:5)
  4 worms
  5 dart slugs
  3 leopard geckos
  23 orcs
  9 giant cockroaches
  2 gnoll zombies (D:2)
  5 goblins
  4 hobgoblins
  12 jackals
  5 quokkas
  3 ball pythons
  8 bats
  5 frilled lizards
  A jackal skeleton (D:6)
  21 kobolds
  A quokka skeleton (D:4)
  8 rats
  A plant (D:10)
298 creatures vanquished.

Vanquished Creatures (collateral kills)
  Pikel (D:8)
  An oklob plant (D:10)
  An acid dragon (D:11)
  A water moccasin (D:9)
  A sky beast (D:6)
  2 wights (D:8)
  A killer bee (D:11)
  A crimson imp (D:8)
  An iron imp (D:7)
  4 orc wizards
  A worker ant (D:11)
  A wolf simulacrum (IceCv)
  An adder (D:6)
  5 orcs
  A kobold (D:10)
23 creatures vanquished.

Vanquished Creatures (others)
  2 ancestors (D:8)
  4 hexers
6 creatures vanquished.

Grand Total: 327 creatures vanquished

Notes
Turn   | Place    | Note
-------+----------+-------------------------------------------
     0 | D:1      | FishyPogo the Gnoll Transmuter began the quest for the Orb.
     0 | D:1      | Reached XP level 1. HP: 17/17 MP: 6/6
   224 | D:1      | Reached XP level 2. HP: 20/23 MP: 7/7
   509 | D:1      | Reached XP level 3. HP: 28/28 MP: 7/9
   514 | D:1      | Learned a level 3 spell: Spider Form
   726 | D:1      | Reached skill level 5 in Spellcasting
  1010 | D:2      | Noticed a +0 hand axe
  1011 | D:2      | Found a hide-covered altar of Uskayaw.
  1012 | D:2      | Noticed a +0 dagger
  1046 | D:2      | Reached skill level 1 in Invocations
  1116 | D:2      | Found a basalt altar of Yredelemnul.
  1180 | D:2      | Reached skill level 1 in Short Blades
  1180 | D:2      | Reached skill level 1 in Long Blades
  1180 | D:2      | Reached skill level 1 in Axes
  1180 | D:2      | Reached skill level 1 in Maces & Flails
  1180 | D:2      | Reached skill level 1 in Polearms
  1180 | D:2      | Reached skill level 1 in Staves
  1180 | D:2      | Reached skill level 1 in Slings
  1180 | D:2      | Reached skill level 1 in Bows
  1180 | D:2      | Reached skill level 1 in Crossbows
  1180 | D:2      | Reached skill level 1 in Throwing
  1180 | D:2      | Reached skill level 1 in Armour
  1180 | D:2      | Reached skill level 1 in Stealth
  1180 | D:2      | Reached skill level 1 in Shields
  1180 | D:2      | Reached skill level 1 in Evocations
  1237 | D:2      | Reached XP level 4. HP: 14/34 MP: 9/11
  2075 | D:3      | Noticed Natasha
  2084 | D:3      | Killed Natasha
  2084 | D:3      | Reached skill level 1 in Conjurations
  2084 | D:3      | Reached skill level 1 in Hexes
  2084 | D:3      | Reached skill level 1 in Charms
  2084 | D:3      | Reached skill level 1 in Summonings
  2084 | D:3      | Reached skill level 1 in Necromancy
  2084 | D:3      | Reached skill level 1 in Translocations
  2084 | D:3      | Reached skill level 1 in Fire Magic
  2084 | D:3      | Reached skill level 1 in Ice Magic
  2084 | D:3      | Reached skill level 1 in Air Magic
  2084 | D:3      | Reached skill level 1 in Earth Magic
  2084 | D:3      | Reached skill level 1 in Poison Magic
  2182 | D:3      | Found a shattered altar of Ashenzari.
  2280 | D:3      | Reached XP level 5. HP: 34/40 MP: 8/12
  2295 | D:3      | Found a runed translucent gate.
  2295 | D:3      | Found a runed translucent gate.
  2296 | D:3      | Found a runed translucent gate.
  2296 | D:3      | Found an opulent altar of Gozag.
  2298 | D:3      | Noticed farkougg's ghost (amateur GrEE)
  2363 | D:3      | Noticed Natasha
  2398 | D:3      | Reached XP level 6. HP: 31/47 MP: 9/13
  2403 | D:3      | Killed Natasha
  2488 | D:3      | HP: 1/47 [river rat (9)]
  2522 | D:3      | HP: 1/47 [river rat (6)]
  2530 | D:3      | HP: 2/47 [river rat (5)]
  2550 | D:3      | Found a glowing drain.
  2557 | Sewer    | Entered a sewer
  2795 | Sewer    | Reached skill level 5 in Dodging
  2946 | Sewer    | Reached XP level 7. HP: 38/52 MP: 15/15
  3013 | Sewer    | Reached skill level 7 in Unarmed Combat
  3494 | D:3      | Noticed Natasha
  3690 | D:4      | Reached XP level 8. HP: 47/60 MP: 16/16
  3711 | D:4      | Found Jynoetik's Book Emporium.
  3711 | D:4      | Found Vyod's Antique Weapon Emporium.
  3711 | D:4      | Found Doomig Zeji's Jewellery Emporium.
  3724 | D:4      | Found Qupp's Armour Emporium.
  3759 | D:4      | Bought an ancient dagger for 224 gold pieces
  3759 | D:4      | Identified the +11 dagger of Evisceration {holy, Str+2
                  | Dex+2 Stlth+} (You bought it in a shop on level 4 of the
                  | Dungeon)
  3811 | D:4      | You fall into a shaft and drop 1 floor!
  3811 | D:5      | Entered Level 5 of the Dungeon
  3928 | D:5      | Learned a level 2 spell: Throw Frost
  5262 | D:6      | Learned a level 3 spell: Mephitic Cloud
  5266 | D:6      | Learned a level 3 spell: Conjure Flame
  5274 | D:6      | Learned a level 1 spell: Magic Dart
  5285 | D:6      | Found a staircase to the Ecumenical Temple.
  5294 | Temple   | Entered the Ecumenical Temple
  5386 | Temple   | Became a worshipper of Hepliaklqana the Forgotten
  5435 | D:6      | Reached XP level 9. HP: 46/57 MP: 16/18
  5437 | D:6      | Gained mutation: You are frail. (-10% HP) [potion of
                  | mutation]
  5437 | D:6      | Lost mutation: You are frail. (-10% HP) [potion of
                  | mutation]
  5437 | D:6      | Gained mutation: Your natural rate of healing is unusually
                  | fast. [potion of mutation]
  5437 | D:6      | Gained mutation: You evolve. [potion of mutation]
  5446 | D:6      | Reached skill level 5 in Transmutations
  5748 | D:6      | Found a glowing silver altar of Zin.
  5748 | D:6      | Found a sacrificial altar of Ru.
  5753 | D:6      | Identified Abretaceodgh's Beginning Course on Theurgy
  5763 | D:6      | Reached skill level 5 in Fighting
  6194 | D:7      | Reached * piety under Hepliaklqana
  6309 | D:7      | Reached skill level 8 in Unarmed Combat
  6432 | D:7      | Noticed Menkaure
  6439 | D:7      | Killed Menkaure
  6439 | D:7      | Reached skill level 5 in Invocations
  6551 | D:7      | Found a snail-covered altar of Cheibriados.
  6929 | D:8      | Reached XP level 10. HP: 62/64 MP: 18/20
  7059 | D:8      | Noticed Pikel
  7071 | D:8      | Killed Pikel
  7158 | D:8      | Reached skill level 5 in Short Blades
  7158 | D:8      | Reached skill level 5 in Long Blades
  7158 | D:8      | Reached skill level 5 in Axes
  7158 | D:8      | Reached skill level 5 in Maces & Flails
  7158 | D:8      | Reached skill level 5 in Polearms
  7158 | D:8      | Reached skill level 5 in Staves
  7158 | D:8      | Reached skill level 5 in Slings
  7158 | D:8      | Reached skill level 5 in Bows
  7158 | D:8      | Reached skill level 5 in Crossbows
  7158 | D:8      | Reached skill level 5 in Throwing
  7158 | D:8      | Reached skill level 5 in Armour
  7158 | D:8      | Reached skill level 5 in Stealth
  7158 | D:8      | Reached skill level 5 in Shields
  7158 | D:8      | Reached skill level 5 in Evocations
  8091 | D:9      | Reached ** piety under Hepliaklqana
  8092 | D:9      | Remembered your ancestor Lufti as a hexer
  8124 | D:9      | Found a stormy altar of Qazlal.
  8476 | D:9      | Found a sparkling altar of Nemelex Xobeh.
  8506 | D:10     | Entered Level 10 of the Dungeon
  8516 | D:10     | Noticed Psyche
  8523 | D:10     | Killed Psyche
  8581 | D:10     | Noticed an oklob plant
  8601 | D:10     | Noticed a manticore
  8605 | D:10     | Killed a manticore
  8701 | D:10     | Reached XP level 11. HP: 71/71 MP: 22/22
  8946 | D:10     | Found a staircase to the Lair.
  9087 | D:10     | Killed an oklob plant
  9160 | D:11     | Reached skill level 9 in Unarmed Combat
  9213 | D:11     | Noticed a two-headed ogre
  9259 | D:11     | Found a gate leading to a gauntlet.
  9279 | Gauntlet | Entered a Gauntlet
  9279 | Gauntlet | Found a transporter.
  9279 | Gauntlet | Found a transporter.
  9280 | Gauntlet | Found a transporter.
  9281 | Gauntlet | Found a transporter.
  9281 | Gauntlet | Found a transporter.
  9282 | Gauntlet | Found a large runed translucent door.
  9283 | Gauntlet | Found a large runed translucent door.
  9284 | Gauntlet | Found a large runed translucent door.
  9284 | Gauntlet | Found a large runed translucent door.
  9284 | Gauntlet | Found a transporter.
  9284 | Gauntlet | Found a runed translucent door.
  9285 | Gauntlet | Found a large runed translucent door.
  9286 | Gauntlet | Found a large runed translucent door.
  9287 | Gauntlet | Found a large runed translucent door.
  9287 | Gauntlet | Found a large runed translucent door.
  9288 | Gauntlet | Found a runed translucent gate.
  9288 | Gauntlet | Found a runed translucent gate.
  9290 | Gauntlet | Found a transporter.
  9293 | Gauntlet | Found a transporter.
  9293 | Gauntlet | Found a transporter.
  9295 | Gauntlet | Found a transporter.
  9297 | Gauntlet | Noticed a death yak
  9297 | Gauntlet | Noticed a death yak
  9300 | Gauntlet | Noticed a death yak
  9300 | Gauntlet | Noticed a death yak
  9301 | Gauntlet | Noticed a necromancer
  9303 | Gauntlet | Found a transporter.
  9304 | Gauntlet | Found a transporter.
  9306 | Gauntlet | Noticed a catoblepas
  9316 | Gauntlet | Reached *** piety under Hepliaklqana
  9334 | Gauntlet | Found a runed translucent gate.
  9335 | Gauntlet | Found a large runed translucent door.
  9335 | Gauntlet | Found a large runed translucent door.
  9336 | Gauntlet | Found a large runed translucent door.
  9337 | Gauntlet | Found a large runed translucent door.
  9338 | Gauntlet | Found a large runed translucent door.
  9338 | Gauntlet | Found a large runed translucent door.
  9338 | Gauntlet | Found a runed translucent door.
  9339 | Gauntlet | Found a large runed translucent door.
  9340 | Gauntlet | Found a large runed translucent door.
  9504 | D:11     | Reached skill level 5 in Conjurations
  9504 | D:11     | Reached skill level 5 in Hexes
  9504 | D:11     | Reached skill level 5 in Charms
  9504 | D:11     | Reached skill level 5 in Summonings
  9504 | D:11     | Reached skill level 5 in Necromancy
  9504 | D:11     | Reached skill level 5 in Translocations
  9504 | D:11     | Reached skill level 5 in Fire Magic
  9504 | D:11     | Reached skill level 5 in Ice Magic
  9504 | D:11     | Reached skill level 5 in Air Magic
  9504 | D:11     | Reached skill level 5 in Earth Magic
  9504 | D:11     | Reached skill level 5 in Poison Magic
  9645 | D:11     | Killed a two-headed ogre
  9751 | D:11     | Noticed a brown ugly thing
  9772 | D:11     | Killed a brown ugly thing
  9913 | D:11     | Noticed a deep elf mage
  9920 | D:11     | Killed a deep elf mage
 10090 | Lair:1   | Entered Level 1 of the Lair of Beasts
 10151 | Lair:1   | Found a frozen archway.
 10180 | IceCv    | Entered an ice cave
 10302 | IceCv    | HP: 1/73 [freezing wraith (9)]
 10303 | IceCv    | Mangled by a freezing wraith

Levels and vault maps discovered:
D:1:      minmay_arrival_split_and_join, layout_loops_ring,
          hangedman_feature_mirror
D:2:      layout_loops_corners, dancing_weapons_uskayaw,
          lemuel_zombie_altar_yredelemnul
D:3:      layout_loops_ring, lemuel_coloured_pillars_altar, first_ration,
          lightli_sewer_entry_pipes, ebering_ghost_gozag, minmay_quantized,
          uniq_natasha
D:4:      layout_loops_ring, kennysheep_big_empty_room, minmay_shop_grid_forest
D:5:      layout_basic, minivault_19, chequers_serial_rivers_micro_c
D:6:      layout_rooms, grunt_temple_overflow_open,
          minmay_temple_entry_gardened_gates
D:7:      layout_basic, slow_altar_2, chequers_jeans, uniq_menkaure
D:8:      layout_cave_pods, uniq_pikel
D:9:      layout_loops_ring, lemuel_round_altar, grunt_qazlal_sundering
D:10:     layout_rooms, dpeg_oklobed_lair, hangedman_fish_farm, uniq_psyche
D:11:     layout_loops_ring, gauntlet_entry_generic
Temple:   nicolae_temple_great_sept
Lair:1:   layout_loops_ring, portal_ice_cave_rime
IceCv:    ice_cave_small_necro

Skill      XL: |  1  2  3  4  5  6  7  8  9 10 11 |
---------------+----------------------------------+-----
Spellcasting   | 5 6 7 8 |  8.2
Invocations    | 1 2 3 4 5 6 7 |  7.1
Short Blades   | 1 2 3 4 5 6 |  6.4
Long Blades    | 1 2 3 4 5 6 |  6.4
Axes           | 1 2 3 4 5 6 |  6.4
Maces & Flails | 1 2 3 4 5 6 |  6.4
Polearms       | 1 2 3 4 5 6 |  6.4
Staves         | 1 2 3 4 5 6 |  6.4
Slings         | 1 2 3 4 5 6 |  6.4
Bows           | 1 2 3 4 5 6 |  6.4
Crossbows      | 1 2 3 4 5 6 |  6.4
Throwing       | 1 2 3 4 5 6 |  6.4
Armour         | 1 2 3 4 5 6 |  6.4
Stealth        | 1 2 3 4 5 6 |  6.4
Shields        | 1 2 3 4 5 6 |  6.4
Evocations     | 1 2 3 4 5 6 |  6.4
Conjurations   | 1 2 3 4 5 |  5.3
Hexes          | 1 2 3 4 5 |  5.3
Charms         | 1 2 3 4 5 |  5.3
Summonings     | 1 2 3 4 5 |  5.3
Necromancy     | 1 2 3 4 5 |  5.3
Translocations | 1 2 3 4 5 |  5.3
Fire Magic     | 1 2 3 4 5 |  5.3
Ice Magic      | 1 2 3 4 5 |  5.3
Air Magic      | 1 2 3 4 5 |  5.3
Earth Magic    | 1 2 3 4 5 |  5.3
Poison Magic   | 1 2 3 4 5 |  5.3
Fighting       | 3 4 5 6 7 |  7.0
Transmutations | 4 5 6 |  6.6
Dodging        | 5 6 7 8 |  8.0
Unarmed Combat | 7 8 9 |  9.3

Action                   |  1- 3 |  4- 6 |  7- 9 | 10-12 || total
-------------------------+-------+-------+-------+-------++-------
Melee: Unarmed           |    81 |   176 |    88 |       ||   345
       Bite              |     4 |    10 |    12 |    38 ||    64
       Kick              |     2 |     4 |     7 |     1 ||    14
       Punch             |     3 |     5 |     7 |    12 ||    27
       Headbutt          |     5 |    13 |    14 |     4 ||    36
       Dagger            |       |       |   169 |   294 ||   463
Throw: Stone             |       |     1 |    21 |     1 ||    23
       Dart              |       |       |     4 |       ||     4
 Cast: Beastly Appendage |    15 |    13 |    29 |    11 ||    68
       Spider Form       |     3 |     5 |     6 |       ||    14
       Throw Frost       |       |       |    16 |     4 ||    20
       Magic Dart        |       |       |    23 |    17 ||    40
       Mephitic Cloud    |       |       |     3 |    17 ||    20
       Conjure Flame     |       |       |     1 |     5 ||     6
Invok: Recall Ancestor   |       |       |       |     2 ||     2
       Ancestor Life: He |       |       |       |     1 ||     1
 Abil: End Transformatio |       |       |     1 |       ||     1
Evoke: Wand              |       |       |       |     4 ||     4
  Use: Scroll            |       |     6 |     4 |     2 ||    12
       Potion            |       |     4 |     1 |     1 ||     6
 Stab: Sleeping          |     3 |     1 |    16 |    22 ||    42
       Confused          |       |       |     2 |    17 ||    19
       Distracted        |       |       |       |     2 ||     2
  Eat: Chunk             |     1 |     6 |    14 |    12 ||    33
Armor: Robe              |    12 |    18 |    22 |    16 ||    68
       Skin              |       |     1 |       |       ||     1
Dodge: Dodged            |    64 |   123 |   132 |   159 ||   478
